 Dungeon Crawl Stone Soup version 0.16.1-28-gcc2312f (webtiles) character file.

975 Rox360 the Skirmisher (level 7, -4/63 HPs)
             Began as a Pale Draconian Berserker on May 24, 2015.
             Was a High Priest of Trog.
             Slain by Pikel
             ... wielding a +0 whip of flaming
              (9 damage)
             ... on level 5 of the Dungeon.
             The game lasted 00:31:14 (6062 turns).

Rox360 the Skirmisher (Pale Draconian Berserker)    Turns: 6062, Time: 00:31:15

Health: -4/63      AC:  6    Str: 21    XL:     7   Next: 95%
Magic:  7/7        EV: 14    Int:  7    God:    Trog [*****.]
Gold:   259        SH:  0    Dex: 11    Spells: 0 memorised, 6 levels left

rFire  . . .     SeeInvis .     m - +3 hand axe
rCold  . . .     Clarity  .     (armour unavailable)
rNeg   + . .     SustAb   +     (no shield)
rPois  .         Gourm    .     (helmet restricted)
rElec  .         Spirit   .     (no cloak)
rCorr  .         Warding  .     (no gloves)
rMut   .         Stasis   .     (no boots)
MR     ++...                    (no amulet)
Stlth  ++........               w - ring of positive energy
                                s - ring of sustain abilities

@: regenerating, very resistant to hostile enchantments, unstealthy
A: breathe steam, unfitting armour, cold-blooded, AC +6
a: Breathe Steam, Burn Spellbooks, Berserk, Trog's Hand, Brothers in Arms,
Renounce Religion


You were on level 5 of the Dungeon.
You worshipped Trog.
Trog was extremely pleased with you.
You were hungry.

You visited 1 branch of the dungeon, and saw 5 of its levels.

You collected 259 gold pieces.

Inventory:

Hand weapons
 a - a +0 mace
 m - a +3 hand axe (weapon)
 y - a +2 dagger of electrocution
Rods
 B - a +0 rod of clouds (9/9)
   (You found it on level 5 of the Dungeon)
Jewellery
 s - a ring of sustain abilities (left hand)
 w - a ring of positive energy (right hand)
 C - an uncursed ring of wizardry
Magical devices
 u - a wand of frost (14)
 z - a wand of digging (6)
Scrolls
 b - a scroll of magic mapping {unknown}
 d - 4 scrolls of teleportation {unknown}
 f - 3 scrolls of recharging {unknown}
 g - a scroll of enchant armour {unknown}
 i - 3 scrolls of identify {unknown}
 n - a scroll of noise {unknown}
 o - 7 scrolls of remove curse {unknown}
 t - a scroll of amnesia {unknown}
 A - a scroll of fear {unknown}
Potions
 e - a potion of cure mutation {unknown}
 h - 2 potions of might {unknown}
 k - 2 potions of curing {unknown}
 l - a potion of heal wounds {unknown}
 p - a potion of degeneration {unknown}
 q - a potion of poison {unknown}
 v - 2 potions of agility {unknown}
 x - a potion of flight {unknown}
Comestibles
 c - 3 bread rations
 j - a slice of pizza
 r - 3 meat rations


   Skills:
 + Level 6.1 Fighting
 + Level 3.1(4.1) Axes
 + Level 4.0(4.5) Maces & Flails
 + Level 6.1 Dodging
 + Level 1.9 Stealth


You had 6 spell levels left.
You didn't know any spells.

Dungeon Overview and Level Annotations

Branches:
Dungeon (5/15)             Temple (0/1) D:5

Altars:
Gozag
Makhleb

Annotations:
D:5 Pikel


Innate Abilities, Weirdness & Mutations

You can breathe blasts of scalding steam.
Your pale cyan-grey scales are hard (AC +6).
Your body does not fit into most forms of armour.
Your cold-blooded metabolism reacts poorly to cold.


Message History

Pikel is severely wounded.
Pikel hits you with a whip of flaming. Pikel burns you.
* * * LOW HITPOINT WARNING * * *
Unknown command.
Use which ability? (? or * to list)
Your skin crawls.
You feel resistant to hostile enchantments.
You feel slightly more hungry. Pikel completely misses you.
Pikel hits you with a whip of flaming!
* * * LOW HITPOINT WARNING * * *
Pikel burns you.
* * * LOW HITPOINT WARNING * * *
You hit Pikel.
Pikel is severely wounded.
Pikel barely misses you.
You hit Pikel.
Pikel is severely wounded.
You have got your breath back.
Pikel hits you with a whip of flaming!
You die...

..........# #......# #.#.#.#####
..........# #......# #.#........
.....###### #......#.#...#...#.#
.....# #####..#............
.(.... #######..#####.#######
....... ......................
....... ..#########.###.#.###.###
..............p####.###.#.###.#..
####### #...ppK@.#..##.#...#....
######## #....p#.....##.#.[.#....
.......###.....#####.##.#...#....
..........####..........#...#....
........... #######..#.#.###....
........... ##.#.#.# #....
.......#.# ##.# #.#.#.# #....
.......# .#.# #...#.# #....
...)...# .#.####..#.# ....


You could see Pikel (berserk) and 4 slaves.

Vanquished Creatures
  2 ogres (D:4)
  2 scorpions
  4 killer bees (D:5)
  A hound (D:5)
  5 iguanas
  4 orc wizards
  A worker ant (D:5)
  7 gnolls
  A shadow imp (D:5)
  An adder (D:5)
  3 worms (D:3)
  2 giant geckos (D:5)
  16 orcs
  A ball python (D:3)
  14 bats
  A giant cockroach (D:3)
  17 hobgoblins
  6 jackals (D:1)
  7 quokkas
  7 giant newts
  15 goblins
  8 kobolds
  10 rats
135 creatures vanquished.

Vanquished Creatures (collateral kills)
  An orc priest (D:4)
  An orc wizard (D:4)
  4 orcs (D:4)
6 creatures vanquished.

Vanquished Creatures (others)
  A rat (D:1)
1 creature vanquished.

Grand Total: 142 creatures vanquished

Notes
Turn   | Place    | Note
--------------------------------------------------------------
     0 | D:1      | Rox360, the Draconian Berserker, began the quest for the Orb.
     0 | D:1      | Reached XP level 1. HP: 19/19 MP: 1/1
   175 | D:1      | Reached XP level 2. HP: 24/26 MP: 2/2
   369 | D:1      | Acquired Trog's second power
   944 | D:1      | Reached XP level 3. HP: 31/33 MP: 3/3
  1180 | D:2      | Reached skill level 4 in Fighting
  1186 | D:2      | Reached XP level 4. HP: 35/40 MP: 4/4
  1591 | D:2      | Found a burning altar of Makhleb.
  2912 | D:4      | Noticed an ogre
  2920 | D:4      | Killed an ogre
  2920 | D:4      | Acquired Trog's third power
  2920 | D:4      | Reached XP level 5. HP: 33/47 MP: 5/5
  3020 | D:4      | Noticed an ogre
  3030 | D:4      | Killed an ogre
  3030 | D:4      | Reached skill level 1 in Axes
  3030 | D:4      | Reached XP level 6. HP: 10/55 MP: 6/6
  3574 | D:4      | Reached skill level 5 in Fighting
  4121 | D:4      | Reached skill level 5 in Dodging
  4298 | D:4      | Found an opulent altar of Gozag.
  4317 | D:4      | Reached skill level 1 in Stealth
  4698 | D:4      | Your scales start fading to a pale cyan-grey colour.
  4698 | D:4      | Reached XP level 7. HP: 41/61 MP: 7/7
  4992 | D:5      | Entered Level 5 of the Dungeon
  5124 | D:5      | Found a staircase to the Ecumenical Temple.
  5661 | D:5      | Reached skill level 6 in Fighting
  5983 | D:5      | Received a gift from Trog
  6046 | D:5      | Noticed Pikel
  6060 | D:5      | HP: 2/63 [Pikel/whip of flaming (6)]
  6062 | D:5      | Slain by Pikel

Action                   |  1- 3 |  4- 6 |  7- 9 || total
-------------------------+-------+-------+-------++-------
Melee: Mace              |    64 |       |       ||    64
       Hand axe          |    18 |   214 |   107 ||   339
Invok: Trog's Hand       |     1 |       |     1 ||     2
       Brothers in Arms  |       |     1 |       ||     1
       Berserk           |       |       |     1 ||     1
 Abil: Breathe Steam     |       |       |     3 ||     3
  Eat: Bread ration      |       |     3 |     1 ||     4
